[Event "Titled Tuesday Blitz November 14 Early 2023"]
[White "Zoete, Roelant"]
[Black "Zavgorodniy, Sergiy"]
[WhiteFideId "40103269"]
[BlackFideId "14110148"]
[WhiteElo "2515"]
[BlackElo "2691"]
[Result "0-1"]
[Round "9"]
[TimeControl "180+1"]
[Date "2023.11.14"]
[WhiteClock "0:00:24"]
[BlackClock "0:00:27"]
[Board "76"]

1. e4 c6 2. Nf3 d5 3. d3 Qc7 4. Nc3 Nf6 5. g3 e5 6. Bg2 d4 7. Ne2 Bd6 8. O-O c5 9. Ne1 h5 10. f4 h4 11. fxe5 Bxe5 12. Nf4 hxg3 13. hxg3 Bg4 14. Nf3 Nbd7 15. Qe1 O-O-O 16. Nxe5 Nxe5 17. b4 c4 18. a4 Rh7 19. b5 Rdh8 20. a5 cxd3 21. cxd3 Qc2 22. Bd2 Nxd3 23. Nxd3 Qxd3 24. e5 Nd7 25. Rxf7 Rh2 26. e6 Nc5 27. Rc1 b6 28. axb6 axb6 29. Bf4 Rxg2+ 30. Kxg2 Qf3+ 31. Kg1 Rh1# 0-1


[Site "https://www.chess.com"]

[Event "Titled Tuesday Blitz November 14 Early 2023"]
[White "Djokic, Mihailo"]
[Black "elmusmolamas"]
[WhiteFideId "976440"]
[WhiteElo "2688"]
[BlackElo "2514"]
[Result "1-0"]
[Round "9"]
[TimeControl "180+1"]
[Date "2023.11.14"]
[WhiteClock "0:01:07"]
[BlackClock "0:00:24"]
[Board "77"]

1. e4 c6 2. d4 d5 3. e5 Bf5 4. h4 h5 5. Bg5 Qb6 6. Bd3 Bxd3 7. Qxd3 Qa6 8. Qb3 e6 9. Nd2 Ne7 10. c4 Nf5 11. Ngf3 Qb6 12. Qxb6 axb6 13. O-O Bb4 14. Rfc1 Nd7 15. a3 Be7 16. Bxe7 Kxe7 17. Rc3 dxc4 18. Nxc4 b5 19. Ne3 g6 20. Rac1 Nb6 21. Nxf5+ gxf5 22. R1c2 Rhg8 23. Kh2 Rg4 24. g3 f4 25. Ng5 fxg3+ 26. fxg3 Rf8 27. Rf3 Nd5 28. Rcf2 f5 29. exf6+ Rxf6 30. Rxf6 Nxf6 31. Re2 Rxd4 32. Rxe6+ Kd7 33. Rxf6 Rd2+ 34. Kh3 Rxb2 35. Rf7+ Kc8 36. Ne6 Rb3 37. Nc5 Rxa3 38. Nxb7 Ra7 39. Nd6+ Kb8 40. Rxa7 Kxa7 41. g4 hxg4+ 42. Kxg4 b4 43. h5 Kb6 44. h6 Kc5 45. h7 Kxd6 46. h8=Q Kc5 47. Kf3 Kc4 48. Ke2 c5 49. Kd2 Kb3 50. Qa1 c4 51. Qb1+ Ka4 52. Kc2 Kb5 53. Qe1 Ka4 54. Qe8+ Ka3 55. Qa8# 1-0


[Site "https://www.chess.com"]

[Event "Titled Tuesday Blitz November 14 Early 2023"]
[White "Timerkhanov, Alexander"]
[Black "Cristi_Coca"]
[WhiteFideId "24177938"]
[WhiteElo "2679"]
[BlackElo "2513"]
[Result "1-0"]
[Round "9"]
[TimeControl "180+1"]
[Date "2023.11.14"]
[WhiteClock "0:01:19"]
[BlackClock "0:01:31"]
[Board "78"]

1. d4 Nf6 2. Bg5 g6 3. Bxf6 exf6 4. e3 d5 5. g3 h5 6. h4 Bg4 7. Be2 Qd7 8. Nd2 Nc6 9. c3 Bd6 10. Qb3 O-O-O 11. Qxd5 g5 12. hxg5 fxg5 13. Qxg5 f5 14. Bxg4 hxg4 15. Rxh8 Rxh8 16. O-O-O Be7 17. Qg7 Rh2 18. Rf1 Qd5 19. Ne2 Qxa2 20. Nf4 Qa1+ 21. Nb1 Qa6 22. Nd2 Qa1+ 23. Kc2 Qa4+ 24. Kb1 Qb5 25. d5 Ba3 26. c4 Qb4 27. dxc6 Qxd2 28. Qg8+ 1-0


[Site "https://www.chess.com"]

[Event "Titled Tuesday Blitz November 14 Early 2023"]
[White "Lukovic, Vladimir"]
[Black "Erzhanov, Arman"]
[WhiteFideId "942952"]
[BlackFideId "4138821"]
[WhiteElo "2678"]
[BlackElo "2508"]
[Result "1-0"]
[Round "9"]
[TimeControl "180+1"]
[Date "2023.11.14"]
[WhiteClock "0:00:58"]
[BlackClock "0:01:05"]
[Board "79"]

1. e4 d6 2. d4 Nf6 3. Nc3 c6 4. a4 e5 5. Nge2 Nbd7 6. g3 Be7 7. Bg2 O-O 8. O-O Re8 9. h3 Bf8 10. a5 Qc7 11. Re1 b5 12. axb6 Nxb6 13. b3 a5 14. Bb2 Bb7 15. Na4 Nxa4 16. Rxa4 c5 17. d5 Nd7 18. Bc3 Ra7 19. Qd2 Rea8 20. Rea1 g6 21. Rxa5 Rxa5 22. Rxa5 Rxa5 23. Bxa5 Qc8 24. Nc3 Ba6 25. Na4 Qb7 26. Nb2 h5 27. h4 Kh7 28. Qe1 Bh6 29. Bd2 Bxd2 30. Qxd2 Nf6 31. f3 Qb5 32. Nc4 Qb8 33. Ne3 Kg7 34. Qa5 Qc8 35. Qb6 Ne8 36. Kh2 Bb7 37. Nc4 f5 38. Nxd6 Nxd6 39. Qxd6 fxe4 40. Qxe5+ Kh7 41. fxe4 c4 42. bxc4 Ba6 43. Qe7+ Kh6 44. c5 Qg4 45. Qg5+ Qxg5 46. hxg5+ Kxg5 47. d6 Bb5 48. c4 Bd7 49. e5 Kf5 50. Bh3+ Kxe5 51. Bxd7 Kd4 52. c6 Kc5 53. c7 Kxd6 54. c8=Q Ke7 55. Qe8+ Kd6 56. Qxg6+ Kc5 57. Qxh5+ Kd6 58. Qd5+ Kc7 59. Bg4 Kb6 60. Qb5+ Kc7 61. c5 Kd8 62. Qd7# 1-0


[Site "https://www.chess.com"]

[Event "Titled Tuesday Blitz November 14 Early 2023"]
[White "Wu, Derek"]
[Black "Sreyas Payyappat"]
[WhiteFideId "30914558"]
[BlackFideId "46674969"]
[WhiteElo "2661"]
[BlackElo "2503"]
[Result "1-0"]
[Round "9"]
[TimeControl "180+1"]
[Date "2023.11.14"]
[WhiteClock "0:00:56"]
[BlackClock "0:00:00"]
[Board "80"]

1. d4 Nf6 2. Nc3 d5 3. Bf4 c5 4. e4 Nc6 5. Nb5 e5 6. dxe5 Nxe4 7. e6 fxe6 8. Nc7+ Kf7 9. Nxa8 Qf6 10. Nh3 c4 11. f3 Bb4+ 12. c3 Nxc3 13. bxc3 1-0


[Site "https://www.chess.com"]

[Event "Titled Tuesday Blitz November 14 Early 2023"]
[White "Nagare Kaivalya Sandip"]
[Black "Kanyamarala, Tarun"]
[WhiteFideId "25957929"]
[BlackFideId "45004714"]
[WhiteElo "2656"]
[BlackElo "2502"]
[Result "0-1"]
[Round "9"]
[TimeControl "180+1"]
[Date "2023.11.14"]
[WhiteClock "0:00:20"]
[BlackClock "0:00:13"]
[Board "81"]

1. e4 c5 2. Nf3 e6 3. d4 cxd4 4. Nxd4 a6 5. Bd3 Bc5 6. Nb3 Ba7 7. O-O Ne7 8. c4 O-O 9. Nc3 Nbc6 10. Bf4 d6 11. h3 e5 12. Bg5 h6 13. Bh4 g5 14. Bg3 f5 15. exf5 Nxf5 16. Kh2 Ncd4 17. Nxd4 Bxd4 18. Rb1 Be6 19. Ne4 b5 20. b3 Rc8 21. Qe2 Rf7 22. cxb5 d5 23. Nd2 e4 24. Nxe4 dxe4 25. Bxe4 axb5 26. Qxb5 Rc5 27. Qa6 Qf6 28. b4 Rc3 29. b5 Be5 30. b6 Nxg3 31. fxg3 Bxg3+ 32. Kh1 Qe5 33. b7 Qxe4 34. b8=Q+ Bxb8 35. Rxb8+ Kg7 36. Rbb1 Rxh3+ 37. Kg1 Qe3+ 0-1


[Site "https://www.chess.com"]

[Event "Titled Tuesday Blitz November 14 Early 2023"]
[White "Dudzinski, Pawel"]
[Black "Yen, William"]
[WhiteFideId "1117890"]
[BlackFideId "30932025"]
[WhiteElo "2502"]
[BlackElo "2642"]
[Result "0-1"]
[Round "9"]
[TimeControl "180+1"]
[Date "2023.11.14"]
[WhiteClock "0:00:00"]
[BlackClock "0:00:06"]
[Board "82"]

1. e4 c5 2. Nc3 a6 3. a4 Nc6 4. g3 g6 5. Bg2 Bg7 6. d3 d6 7. f4 e6 8. Nf3 Nge7 9. Be3 O-O 10. d4 cxd4 11. Nxd4 Qb6 12. Nce2 Qxb2 13. O-O Qb6 14. Nf5 Qd8 15. Nxg7 Kxg7 16. Qd2 f5 17. a5 d5 18. Bb6 Qd7 19. exd5 Nxd5 20. Rfd1 Qe7 21. Bxd5 exd5 22. Nc3 Be6 23. Nxd5 Bxd5 24. Qxd5 Qf7 25. Qxf7+ Rxf7 26. Rd2 Re8 27. Rad1 Rfe7 28. Rd7 Rxd7 29. Rxd7+ Re7 30. Rd2 Kf7 31. Kf2 Ke6 32. Bc5 Rd7 33. Re2+ Kd5 34. Rd2+ Ke6 35. Re2+ Kf7 36. Bb6 Rd6 37. c4 Re6 38. Rd2 Ke7 39. Bc5+ Ke8 40. Bb6 Ke7 41. Bc5+ Kf6 42. Rd7 Re4 43. Rxb7 Rxc4 44. Bb6 Rc2+ 45. Kg1 h6 46. Rc7 g5 47. fxg5+ hxg5 48. h4 gxh4 49. gxh4 Kg6 50. Bf2 Rc1+ 51. Kg2 Kh5 52. Rh7+ Kg6 53. Rc7 Rc2 54. Rc8 f4 55. Rc7 Kf5 56. Rf7+ Ke4 57. Rc7 Kf5 58. h5 Kg5 59. Rc8 Kxh5 60. Ra8 Ne5 61. Rxa6 f3+ 62. Kg3 Ng4 63. Bd4 f2 64. Bxf2 Nxf2 65. Re6 Nd3 66. Rd6 Rc3 67. Kg2 Kg4 68. Rd4+ Nf4+ 69. Kf1 Ra3 70. Ke1 Rxa5 71. Kd2 Re5 72. Rd8 Re2+ 73. Kc3 Kf3 74. Kc4 Re3 75. Rh8 Re4+ 76. Kc5 Re6 77. Kc4 Rg6 78. Kc5 Rg7 79. Kc4 Ne6 80. Kd5 Re7 81. Rh6 Nf4+ 82. Kd6 Re3 83. Kc5 Ke4 84. Rh8 Rc3+ 85. Kd6 Nd3 86. Rh4+ Ke3 87. Rh8 Kd4 88. Re8 Ra3 89. Rh8 Ra6+ 90. Kc7 Nc5 91. Rh4+ Ne4 92. Rg4 Kd5 93. Kd7 Rd6+ 94. Kc7 Re6 95. Rh4 Re7+ 96. Kb6 Nd6 97. Rh5+ Ke6 98. Rh6+ Kd7 99. Kc5 Nf5 100. Rh1 Ng3 101. Rd1+ Kc7 102. Rg1 Ne2 103. Re1 Kd7 104. Kc4 Re6 105. Kd3 Nf4+ 106. Kd2 Rd6+ 107. Kc2 Rc6+ 108. Kd2 Ra6 109. Rh1 Ra2+ 110. Kc3 Ne2+ 111. Kb3 Ra6 112. Rh6 Rxh6 0-1


[Site "https://www.chess.com"]

[Event "Titled Tuesday Blitz November 14 Early 2023"]
[White "Grochal, Joey"]
[Black "Borgaonkar Akshay"]
[WhiteFideId "1019945"]
[BlackFideId "25639110"]
[WhiteElo "2485"]
[BlackElo "2633"]
[Result "1-0"]
[Round "9"]
[TimeControl "180+1"]
[Date "2023.11.14"]
[WhiteClock "0:01:00"]
[BlackClock "0:00:00"]
[Board "83"]

1. e4 g6 2. d4 Bg7 3. Nc3 a6 4. Be3 d6 5. f3 b5 6. Bd3 Bb7 7. Qd2 Nd7 8. a4 b4 9. Nd5 a5 10. h4 h5 11. Nh3 Ngf6 12. Nxf6+ Nxf6 13. Ng5 Nd7 14. Bc4 O-O 15. g4 Nb6 16. Bb3 d5 17. e5 hxg4 18. fxg4 Nc4 19. Bxc4 dxc4 20. Rh3 Qd7 21. Qe2 Qd5 22. h5 f6 23. hxg6 fxg5 24. Qh2 Rf3 25. O-O-O Rxh3 26. Qxh3 Qf3 27. Qh7+ Kf8 28. Bxg5 Re8 29. Bh6 1-0


[Site "https://www.chess.com"]

[Event "Titled Tuesday Blitz November 14 Early 2023"]
[White "Devaev, Alexander"]
[Black "Pastar, Slaven"]
[WhiteFideId "4169395"]
[BlackFideId "14402718"]
[WhiteElo "2475"]
[BlackElo "2627"]
[Result "1-0"]
[Round "9"]
[TimeControl "180+1"]
[Date "2023.11.14"]
[WhiteClock "0:00:08"]
[BlackClock "0:01:02"]
[Board "84"]

1. Nf3 b6 2. d4 Bb7 3. Nbd2 Nf6 4. e3 e6 5. Bd3 c5 6. c3 Be7 7. O-O O-O 8. Qe2 d6 9. e4 cxd4 10. cxd4 Nc6 11. a3 Rc8 12. Re1 e5 13. d5 Nb8 14. b4 Rc7 15. Nf1 Bc8 16. h3 Bd7 17. Be3 Ba4 18. Rec1 Rxc1 19. Rxc1 Qd7 20. Qb2 Rc8 21. Rc3 Rc7 22. Qc1 Bd8 23. Ng3 g6 24. Nd2 a5 25. Nb1 Qc8 26. Rxc7 Qxc7 27. Nc3 Be8 28. Bb5 h5 29. Bxe8 Nxe8 30. Nb5 Qxc1+ 31. Bxc1 h4 32. Nf1 axb4 33. axb4 Na6 34. Bd2 Nec7 35. Nxd6 b5 36. Nb7 Bf6 37. Nc5 Be7 38. Nd3 f6 39. Bc3 Ne8 40. Ne3 Nd6 41. f3 Nc4 42. Kf2 Nb6 43. Ke2 Na4 44. Bd2 Kf8 45. Nc2 Nc7 46. Be1 Nb6 47. Bxh4 Nc4 48. Bf2 f5 49. Bc5 Ne8 50. Ne3 Na3 51. Nxe5 fxe4 52. Nxg6+ Kf7 53. Nxe7 exf3+ 54. Kxf3 Nc4 55. N7f5 Nd2+ 56. Ke2 Nb3 57. Kd3 Nf6 58. d6 Ke6 59. g4 Nd7 60. Nd4+ Nxd4 61. Kxd4 1-0


[Site "https://www.chess.com"]

[Event "Titled Tuesday Blitz November 14 Early 2023"]
[White "Karamsetty, Jeevan"]
[Black "UNSTOPPABLE_LEGEND"]
[WhiteFideId "2025337"]
[WhiteElo "2604"]
[BlackElo "2465"]
[Result "0-1"]
[Round "9"]
[TimeControl "180+1"]
[Date "2023.11.14"]
[WhiteClock "0:00:19"]
[BlackClock "0:00:19"]
[Board "85"]

1. e4 c5 2. Nc3 Nc6 3. Bb5 Nd4 4. Bc4 e6 5. Nge2 a6 6. a4 Nf6 7. O-O d5 8. exd5 exd5 9. Ba2 Bg4 10. h3 Bh5 11. f3 Be7 12. d3 Nc6 13. Nf4 d4 14. Ne4 Bg6 15. Nxg6 hxg6 16. Re1 O-O 17. Bg5 Rc8 18. Bxf6 Bxf6 19. Qd2 Be7 20. Qf4 Qc7 21. Qg4 Ne5 22. Qg3 Nc6 23. Bb3 b5 24. axb5 axb5 25. Ra6 Qxg3 26. Nxg3 Bh4 27. Kf2 Nb4 28. Rb6 Rb8 29. Rxb8 Rxb8 30. Re4 Bf6 31. Ne2 Rc8 32. Nf4 c4 33. dxc4 bxc4 34. Ba4 c3 35. bxc3 Rxc3 36. Ne2 Ra3 37. Bb3 d3 38. Rxb4 d2 39. Rb8+ Kh7 40. Nc3 Bxc3 41. Rd8 Ra1 42. Bxf7 d1=Q 43. Bg8+ Kh6 44. Rxd1 Rxd1 45. Bc4 Rd2+ 46. Kg3 Kg5 47. Bd3 Kf6 48. h4 Be5+ 49. f4 Bc3 50. Kf3 Rd1 51. g4 Re1 52. g5+ Kf7 53. Kg4 Bd2 54. f5 gxf5+ 55. Kxf5 Rh1 56. Kg4 Be1 57. h5 Rh4+ 58. Kf5 Rxh5 59. Be2 Rh2 60. Bc4+ Ke7 61. Bd3 Bc3 62. Kg6 Kd6 63. Bf5 Kc5 64. Bd3 Kb4 65. Kf7 Rd2 66. g6 Ka3 67. Kg8 Bd4 68. Kh7 Rxd3 69. cxd3 Kb3 70. Kg8 Kc3 71. Kf7 Kxd3 72. Ke6 Ke4 73. Kf7 Kf5 74. Kg8 Kxg6 75. Kh8 Kf5 76. Kh7 g5 77. Kh6 g4 78. Kh5 g3 79. Kh4 g2 80. Kh3 g1=Q 81. Kh4 Qg4# 0-1


[Site "https://www.chess.com"]

[Event "Titled Tuesday Blitz November 14 Early 2023"]
[White "Demin, Vladimir"]
[Black "Ramla2020"]
[WhiteFideId "4167457"]
[WhiteElo "2589"]
[BlackElo "2459"]
[Result "1-0"]
[Round "9"]
[TimeControl "180+1"]
[Date "2023.11.14"]
[WhiteClock "0:01:02"]
[BlackClock "0:00:21"]
[Board "86"]

1. d4 Nf6 2. Nc3 d5 3. Bf4 Bf5 4. e3 e6 5. f3 c5 6. g4 Bg6 7. h4 h6 8. Nb5 Na6 9. c3 Be7 10. h5 Bh7 11. Bd3 Bxd3 12. Qxd3 Qb6 13. a4 c4 14. Qc2 Rc8 15. e4 Nb8 16. e5 Nfd7 17. Ne2 a6 18. Nd6+ Bxd6 19. exd6 Nc6 20. Kf2 Na5 21. Kg2 Nb3 22. Rae1 Rc6 23. Ng3 O-O 24. g5 hxg5 25. Bxg5 Rxd6 26. Be7 Re8 27. Bxd6 Qxd6 28. Rh4 Qe7 29. Rg4 Qf6 30. Nf5 Kf8 31. Nxg7 Re7 32. h6 e5 33. h7 Qxg7 34. Rxg7 Kxg7 35. h8=Q+ Kxh8 36. Rh1+ 1-0


[Site "https://www.chess.com"]

[Event "Titled Tuesday Blitz November 14 Early 2023"]
[White "JuniorJumper"]
[Black "Jesseinkman"]
[WhiteElo "2586"]
[BlackElo "2454"]
[Result "1-0"]
[Round "9"]
[TimeControl "180+1"]
[Date "2023.11.14"]
[WhiteClock "0:00:25"]
[BlackClock "0:00:01"]
[Board "87"]

1. b3 d5 2. Bb2 c5 3. e3 a6 4. Nf3 Nc6 5. d4 cxd4 6. Nxd4 Nf6 7. Be2 e6 8. O-O Bd6 9. Nd2 e5 10. Nxc6 bxc6 11. c4 O-O 12. cxd5 cxd5 13. Bf3 e4 14. Be2 Qe7 15. a3 Bf5 16. b4 Rfc8 17. Nb3 h6 18. h3 Bd7 19. Qd4 Ba4 20. Nc5 Bb5 21. Bxb5 axb5 22. Rac1 Rc7 23. Rfd1 Rac8 24. Nb3 Rc4 25. Qd2 Qc7 26. Na5 Rc2 27. Rxc2 Qxc2 28. Qxc2 Rxc2 29. Bxf6 gxf6 30. g3 Be5 31. Rxd5 Ra2 32. Rxb5 Rxa3 33. Nc4 Rb3 34. Nd2 Rb2 35. Nxe4 Rb1+ 36. Kg2 Bc7 37. Nxf6+ Kg7 38. Ne8+ 1-0


[Site "https://www.chess.com"]

[Event "Titled Tuesday Blitz November 14 Early 2023"]
[White "Vestby-Ellingsen, Mads"]
[Black "Joie, Sebastien"]
[WhiteFideId "1520857"]
[BlackFideId "650420"]
[WhiteElo "2569"]
[BlackElo "2452"]
[Result "1-0"]
[Round "9"]
[TimeControl "180+1"]
[Date "2023.11.14"]
[WhiteClock "0:02:39"]
[BlackClock "0:01:02"]
[Board "88"]

1. d4 b6 2. e4 Bb7 3. Bd3 e6 4. Nc3 Ne7 5. Nf3 Ng6 6. h4 Be7 7. h5 Nh4 8. Nxh4 Bxh4 9. Qg4 Be7 10. Qxg7 Bf6 11. Qg3 Bxd4 12. Nb5 1-0


[Site "https://www.chess.com"]

[Event "Titled Tuesday Blitz November 14 Early 2023"]
[White "Ozates, Tuna"]
[Black "Begunov, Konstantin"]
[WhiteFideId "6354521"]
[BlackFideId "4118510"]
[WhiteElo "2563"]
[BlackElo "2449"]
[Result "0-1"]
[Round "9"]
[TimeControl "180+1"]
[Date "2023.11.14"]
[WhiteClock "0:01:00"]
[BlackClock "0:00:20"]
[Board "89"]

1. e4 c5 2. Nf3 d6 3. c3 Nf6 4. Bd3 Nc6 5. Bc2 Bg4 6. d3 e6 7. Nbd2 Be7 8. O-O O-O 9. h3 Bh5 10. Re1 b5 11. Nf1 b4 12. Ng3 Bg6 13. Ba4 Qc7 14. d4 bxc3 15. bxc3 d5 16. exd5 Nxd5 17. c4 Nc3 18. Qb3 Nxa4 19. Qxa4 Nxd4 20. Ne5 Bc2 21. Qa3 Bd6 22. Bf4 f6 23. Nd3 Bxf4 24. Nxc5 Bd6 25. Na6 Bxa3 26. Nxc7 Rac8 27. Nxe6 Nxe6 28. Rxe6 Rxc4 29. Rae1 Bb4 30. R1e3 Bc5 31. Re1 Bg6 32. R6e2 Bb6 33. Rd1 Rfc8 34. Rd7 Rc1+ 35. Kh2 R1c7 36. Rd1 h5 37. h4 Rc2 38. Re7 R8c7 39. Re2 Rxe2 40. Nxe2 Rc2 41. Nf4 Kh7 42. Rd7 Bc7 43. g3 Bxf4 44. gxf4 Rxf2+ 45. Kg3 Rxa2 0-1


[Site "https://www.chess.com"]

[Event "Titled Tuesday Blitz November 14 Early 2023"]
[White "Manukian, Artak"]
[Black "Jaskolka, Tomasz"]
[WhiteFideId "13301373"]
[BlackFideId "1170791"]
[WhiteElo "2526"]
[BlackElo "2561"]
[Result "1-0"]
[Round "9"]
[TimeControl "180+1"]
[Date "2023.11.14"]
[WhiteClock "0:01:00"]
[BlackClock "0:00:06"]
[Board "90"]

1. e4 d5 2. exd5 Nf6 3. Nc3 Nxd5 4. Bc4 c6 5. Qf3 Nf6 6. h3 e5 7. d3 Be7 8. g4 h6 9. Nge2 Nbd7 10. Ng3 Nb6 11. Bb3 Be6 12. Nf5 Bxb3 13. axb3 Kf8 14. h4 Nbd5 15. g5 hxg5 16. hxg5 Rxh1+ 17. Qxh1 Ng8 18. Qh8 Bf6 19. Nxd5 cxd5 20. gxf6 Qxf6 21. Bd2 Qxf5 22. Bb4+ Ke8 23. Qxg8+ Kd7 24. Qxg7 Rc8 25. O-O-O Qf4+ 26. Bd2 Qf3 27. Qxe5 Rc6 28. Qe3 Qf5 29. Qf4 Qg6 30. Re1 Ra6 31. Kb1 Rc6 32. Qb8 f6 33. Qxb7+ Rc7 34. Qxd5+ 1-0


[Site "https://www.chess.com"]

[Event "Titled Tuesday Blitz November 14 Early 2023"]
[White "Statham_l3"]
[Black "Hoffmann, Asa"]
[BlackFideId "2001470"]
[WhiteElo "2559"]
[BlackElo "2400"]
[Result "1-0"]
[Round "9"]
[TimeControl "180+1"]
[Date "2023.11.14"]
[WhiteClock "0:00:04"]
[BlackClock "0:00:45"]
[Board "91"]

1. e4 d6 2. d4 Nf6 3. Nc3 c6 4. f4 Qa5 5. Bd3 e5 6. fxe5 dxe5 7. dxe5 Qxe5 8. Nf3 Qh5 9. O-O Bc5+ 10. Kh1 Bg4 11. e5 Nfd7 12. Ne4 O-O 13. Bf4 Na6 14. Ng3 Bxf3 15. Rxf3 Qh4 16. Bxa6 bxa6 17. Qxd7 Rad8 18. Qxc6 Bb6 19. Nf5 Qg4 20. Nh6+ gxh6 21. Rg3 Qxg3 22. hxg3 Rd4 23. Qxh6 Rfd8 24. Qg5+ Kf8 25. Qf6 Rd1+ 26. Rxd1 Rxd1+ 27. Kh2 Bg1+ 28. Kh3 Ke8 29. Qc6+ Kf8 30. Bh6+ Ke7 31. Bg5+ Kf8 32. Qc8+ Kg7 33. Bf6+ Kh6 34. Qf8+ Kg6 35. Qg7+ Kf5 36. Qg4# 1-0


[Site "https://www.chess.com"]

[Event "Titled Tuesday Blitz November 14 Early 2023"]
[White "Degtiarev, Evgeny"]
[Black "Karas, Marek"]
[WhiteFideId "4149610"]
[BlackFideId "14928558"]
[WhiteElo "2373"]
[BlackElo "2551"]
[Result "1-0"]
[Round "9"]
[TimeControl "180+1"]
[Date "2023.11.14"]
[WhiteClock "0:00:27"]
[BlackClock "0:00:00"]
[Board "92"]

1. d4 Nf6 2. c4 g6 3. Nc3 Bg7 4. e4 d6 5. h3 O-O 6. Bg5 c5 7. d5 b5 8. cxb5 a6 9. a4 axb5 10. Bxb5 Ba6 11. Nge2 Bxb5 12. axb5 Nbd7 13. O-O Qb6 14. Qc2 Rfb8 15. Ra4 Qb7 16. Rfa1 h6 17. Be3 Ne8 18. Rxa8 Rxa8 19. Rxa8 Qxa8 20. Qa4 Qb8 21. b4 Nb6 22. Qb3 c4 23. Qa2 Nc7 24. Bxb6 Qxb6 25. Qxc4 Bf6 26. Qc6 Qb8 27. b6 Na6 28. b7 Nc7 29. Nb5 1-0


[Site "https://www.chess.com"]

[Event "Titled Tuesday Blitz November 14 Early 2023"]
[White "VOneChess"]
[Black "ChainedDowntohell"]
[WhiteElo "2357"]
[BlackElo "2550"]
[Result "0-1"]
[Round "9"]
[TimeControl "180+1"]
[Date "2023.11.14"]
[WhiteClock "0:00:00"]
[BlackClock "0:00:17"]
[Board "93"]

1. e4 c5 2. Nf3 Nc6 3. d4 cxd4 4. Nxd4 Nf6 5. Nc3 Qb6 6. Nb3 e6 7. a3 Be7 8. Be3 Qc7 9. Be2 a6 10. O-O b5 11. f4 d6 12. Bf3 Bb7 13. Qe1 O-O 14. Rd1 b4 15. axb4 Nxb4 16. e5 dxe5 17. fxe5 Nd7 18. Bxb7 Qxb7 19. Qg3 Kh8 20. Rf2 Rad8 21. Nd4 Qc7 22. Nf3 Nb6 23. Rdf1 Nc4 24. Bg5 Bc5 25. Ne4 Rd5 26. Nf6 Bxf2+ 27. Qxf2 Nxe5 28. Nxd5 Nxd5 29. Nd4 Ng4 30. Qh4 f5 31. Nxe6 Qb6+ 32. Kh1 Qxe6 33. h3 Nge3 0-1


[Site "https://www.chess.com"]

[Event "Titled Tuesday Blitz November 14 Early 2023"]
[White "Zaksaite, Salomeja"]
[Black "Ben Artzi, Ido"]
[WhiteFideId "12801496"]
[BlackFideId "2810913"]
[WhiteElo "2357"]
[BlackElo "2549"]
[Result "1-0"]
[Round "9"]
[TimeControl "180+1"]
[Date "2023.11.14"]
[WhiteClock "0:00:24"]
[BlackClock "0:00:18"]
[Board "94"]

1. e4 c5 2. Nf3 Nc6 3. Bb5 g6 4. O-O Bg7 5. Re1 Nd4 6. Bf1 d6 7. c3 Nxf3+ 8. Qxf3 Nf6 9. d4 O-O 10. dxc5 dxc5 11. Be3 Qc7 12. Na3 b6 13. e5 Bb7 14. exf6 Bxf3 15. fxg7 Kxg7 16. gxf3 Rfd8 17. f4 Rd7 18. Nc4 f6 19. Bh3 Rd3 20. Bf1 Rd7 21. Bh3 Rd3 22. Bf1 Rdd8 23. Bg2 Rac8 24. Rad1 Rxd1 25. Rxd1 Rd8 26. Re1 b5 27. Nd2 e5 28. Ne4 c4 29. fxe5 fxe5 30. Ng5 Rd6 31. f4 Qd8 32. fxe5 Ra6 33. e6 h6 34. Bd4+ Kg8 35. e7 1-0


[Site "https://www.chess.com"]

[Event "Titled Tuesday Blitz November 14 Early 2023"]
[White "Bilan, Danila"]
[Black "Ruge, Edison"]
[WhiteFideId "24161918"]
[BlackFideId "4401000"]
[WhiteElo "2547"]
[BlackElo "2340"]
[Result "1-0"]
[Round "9"]
[TimeControl "180+1"]
[Date "2023.11.14"]
[WhiteClock "0:00:03"]
[BlackClock "0:00:00"]
[Board "95"]

1. d4 d5 2. Nf3 e6 3. c4 c6 4. Qc2 f5 5. g3 Nf6 6. Bg2 Be7 7. O-O O-O 8. Bf4 Bd7 9. Ne5 Be8 10. cxd5 cxd5 11. Nc3 a6 12. Na4 Nc6 13. Nc5 Nxd4 14. Nxb7 Nxc2 15. Nxd8 Rxd8 16. Rac1 Nd4 17. Rfe1 Bb5 18. Bf1 Bb4 19. e3 Bxe1 20. exd4 Bxf1 21. Kxf1 Ba5 22. Nc6 Bb6 23. Nxd8 Bxd8 24. Rc6 a5 25. Rxe6 Re8 26. Ra6 Kf7 27. f3 h6 28. Kf2 Re6 29. Ra7+ Re7 30. Ra6 Rb7 31. b3 Bc7 32. Bd2 Bb6 33. Ke3 Re7+ 34. Kd3 Nd7 35. Bxa5 Bxa5 36. Rxa5 f4 37. gxf4 Re1 38. Rxd5 Nf6 39. Re5 Ra1 40. Re2 Nd5 41. Kc4 Nxf4 42. Rb2 Rc1+ 43. Kb5 Nd5 44. a4 Ke6 45. a5 Kd6 46. b4 Rc6 47. Ka4 Nc3+ 48. Kb3 Nb5 49. Ka4 Nc3+ 50. Kb3 Nb5 51. Rg2 Nxd4+ 52. Ka4 g5 53. h4 Nxf3 54. hxg5 Nxg5 55. Rh2 Kd5 56. Rd2+ Ke5 57. b5 Rc4+ 58. Kb3 Rc5 59. Kb4 Rc1 60. a6 Ne4 61. Re2 Kd4 62. Ka5 Nc5 63. Kb6 Ne4 64. Rh2 Ra1 65. Rxh6 Kc4 66. Rh4 Kd5 67. a7 1-0


[Site "https://www.chess.com"]

[Event "Titled Tuesday Blitz November 14 Early 2023"]
[White "Maect19"]
[Black "TomLiu777"]
[WhiteElo "2336"]
[BlackElo "2538"]
[Result "0-1"]
[Round "9"]
[TimeControl "180+1"]
[Date "2023.11.14"]
[WhiteClock "0:00:12"]
[BlackClock "0:00:16"]
[Board "96"]

1. d4 Nf6 2. Nf3 c5 3. c3 e6 4. Bg5 d5 5. e3 Nc6 6. Nbd2 Bd6 7. Bd3 cxd4 8. exd4 O-O 9. O-O h6 10. Bh4 Bd7 11. Rc1 Rc8 12. Bb1 Bf4 13. Re1 Re8 14. Bg3 Qc7 15. Bxf4 Qxf4 16. Nf1 Qd6 17. Ng3 Rcd8 18. Ne5 Qf8 19. Qd3 g6 20. Qf3 Qg7 21. Ng4 Nxg4 22. Qxg4 e5 23. Qf3 e4 24. Qf4 f5 25. h4 g5 26. hxg5 hxg5 27. Qc7 f4 28. Nf1 Be6 29. Qxg7+ Kxg7 30. g3 Kf6 31. Bc2 Rh8 32. c4 Nxd4 33. cxd5 Nf3+ 34. Kg2 Bh3+ 0-1


[Site "https://www.chess.com"]

[Event "Titled Tuesday Blitz November 14 Early 2023"]
[White "RodokininEV"]
[Black "Rasmussen, Casper"]
[BlackFideId "1402005"]
[WhiteElo "2531"]
[BlackElo "2305"]
[Result "1/2-1/2"]
[Round "9"]
[TimeControl "180+1"]
[Date "2023.11.14"]
[WhiteClock "0:00:22"]
[BlackClock "0:00:13"]
[Board "97"]

1. d4 c5 2. d5 e5 3. c4 d6 4. Nc3 g6 5. e4 Bg7 6. Nge2 f5 7. exf5 gxf5 8. f4 e4 9. g3 Nf6 10. Bg2 O-O 11. O-O a6 12. a4 Nbd7 13. Qc2 Qe8 14. Nd1 Qh5 15. Ne3 Re8 16. h3 Nf8 17. Bd2 Bd7 18. Bc3 b5 19. axb5 axb5 20. b3 b4 21. Bb2 Ng6 22. Rxa8 Rxa8 23. g4 fxg4 24. Bxf6 gxh3 25. Bxg7 hxg2 26. Nxg2 Kxg7 27. Ng3 Qg4 28. Nxe4 Bf5 29. Qb2+ Kh6 30. Nf6 Qg3 31. Qe2 Bd3 32. Qf2 Qxf2+ 33. Rxf2 Ra1+ 34. Kh2 Rb1 35. Ne8 Rxb3 36. Nxd6 Rc3 37. Ne3 b3 38. Nef5+ Bxf5 39. Nxf5+ Kh5 40. Kg2 Rc2 41. Ng3+ Kg4 42. Ne4 Nxf4+ 43. Kg1 Rxf2 44. Kxf2 b2 45. Nc3 Nd3+ 46. Ke3 Ne5 47. Ke4 Nxc4 48. Kd3 Nd6 49. Kc2 h6 50. Nb1 h5 51. Kxb2 h4 52. Nd2 h3 53. Nf1 Kf3 54. Kc3 Kg2 55. Ne3+ Kf3 56. Nf1 Kg2 57. Ne3+ Kf3 58. Nf1 1/2-1/2


[Site "https://www.chess.com"]

[Event "Titled Tuesday Blitz November 14 Early 2023"]
[White "vishwa_vijeta"]
[Black "Witty_Alien"]
[WhiteElo "2531"]
[BlackElo "2286"]
[Result "0-1"]
[Round "9"]
[TimeControl "180+1"]
[Date "2023.11.14"]
[WhiteClock "0:00:10"]
[BlackClock "0:00:23"]
[Board "98"]

1. e4 c5 2. Nf3 d6 3. d4 cxd4 4. Nxd4 Nf6 5. Nc3 a6 6. Bg5 e6 7. f4 Qc7 8. Qf3 b5 9. O-O-O b4 10. Nce2 Be7 11. e5 Bb7 12. Qh3 dxe5 13. fxe5 Qxe5 14. Bf4 Qd5 15. Nb3 Qe4 16. Na5 Bd5 17. c4 bxc3 18. bxc3 Ba3+ 19. Kd2 O-O 20. Qe3 Qa4 21. Nb3 Ne4+ 22. Ke1 Nc6 23. Ned4 Nxd4 24. Rxd4 Qc6 25. c4 Bb4+ 26. Kd1 Nc3+ 27. Kc2 Be4+ 28. Bd3 Bxd3+ 29. Rxd3 Qxg2+ 30. Rd2 Qxh1 31. Be5 Qb1# 0-1


[Site "https://www.chess.com"]